 Dungeon Crawl Stone Soup version 0.25-a0-362-g90ccd6aac3 (console) character file.

Game seed: 7903725478381887725, levelgen mode: deterministic

11 Kagalorn the Vexing (level 2, -1/25 HPs)
             Began as a Naga Arcane Marksman on Jan 4, 2020.
             Slain by a hobgoblin (5 damage)
             ... on level 1 of the Dungeon.
             The game lasted 00:01:47 (398 turns).

Kagalorn the Vexing (Naga Arcane Marksman)           Turns: 398, Time: 00:01:48

Health: -1/25      AC:  1    Str: 12    XL:     2   Next: 29%
Magic:  3/3        EV: 10    Int: 13    God:
Gold:   40         SH:  0    Dex: 11    Spells: 2/3 levels left

rFire    . . .     SeeInvis +   b - +0 short sword
rCold    . . .     Gourm    .   (no shield)
rNeg     . . .     Faith    .   e - +0 robe
rPois    +         Spirit   .   (no helmet)
rElec    .         Reflect  .   (no cloak)
rCorr    .         Harm     .   (no gloves)
MR       .....                  (no barding)
Stlth    ++........             (no amulet)
HPRegen  0.08/turn              (no ring)
MPRegen  0.08/turn              (no ring)

@: short of breath, very slow
A: large, see invisible, deformed body, poison resistance, slowness 2, slow
metabolism 1, spit poison 1, AC +0
a: Spit Poison


You were on level 1 of the Dungeon.
You were not hungry.

You visited 1 branch of the dungeon, and saw 1 of its levels.

You collected 40 gold pieces.

Inventory:

Hand Weapons
 a - a +0 hand crossbow
 b - a +0 short sword (weapon)
Missiles
 d - 20 bolts
Armour
 e - a +0 robe (worn)
 i - a scarf of spirit shield
Jewellery
 h - an uncursed ring of resist corrosion {unknown}
Scrolls
 c - a scroll of identify {unknown}
Comestibles
 f - 2 rations
 g - 2 chunks of flesh


   Skills:
 - Level 1.0 Fighting
 + Level 2.1 Crossbows
 - Level 1.5 Dodging
 * Level 2.3 Stealth
 - Level 1.0 Spellcasting
 - Level 3.0 Hexes


You had 2 spell levels left.
You knew the following spells:

 Your Spells              Type           Power        Failure   Level  Hunger
a - Corona                Hex            #......      9%          1    ##.....

Your spell library contained the following spells:

 Spells                   Type           Power        Failure   Level  Hunger
 Slow                     Hex            #.......     12%         2    ###....
 Inner Flame              Hex/Fire       #.......     41%         3    ####...
 Portal Projectile        Hex/Tloc       #.....       41%         3    ####...
 Cause Fear               Hex            #.........   63%         4    #####..
 Leda's Liquefaction      Hex/Erth       #.........   83%         4    #####..


Dungeon Overview and Level Annotations

Branches:
Dungeon (1/15)

Altars:


Innate Abilities, Weirdness & Mutations

You cannot wear boots.
Your serpentine skin is tough. (AC +0)
You have supernaturally acute eyesight. (SInv)
Armour fits poorly on your strangely shaped body.
Your system is resistant to poisons. (rPois)
You cover ground very slowly.
You have a slow metabolism.
You can spit poison.


Message History

The hobgoblin barely misses you. The hobgoblin completely misses you.
A rat comes into view.
The hobgoblin hits you but does no damage.
The rat bites you.
Press: ? - help, Shift-Dir - straight line, f/p - hobgoblin
Aim: a hobgoblin (moderately wounded)
The splash of poison misses the hobgoblin.
The splash of poison misses the frilled lizard.
You feel slightly more hungry. The hobgoblin hits you.
The rat completely misses you.
You hit the hobgoblin.
The hobgoblin is heavily wounded.
The hobgoblin closely misses you. The rat bites you.
You barely miss the hobgoblin.
The hobgoblin is heavily wounded.
The hobgoblin hits you.
* * * LOW HITPOINT WARNING * * *
The rat closely misses you. The hobgoblin hits you.
You die...

...%......#..
........l....
..[........#######
g................#
..#..####..#####.
...## ##....#####
... ##.......# #.
#r#######.##.######
#.@gl.##>..........
#####.......#......
##...........##
#......###....
##......#.....#
................
##..........#...
#.........###†.
#...........##.


You could see 2 hobgoblins, a frilled lizard and a rat.

Vanquished Creatures
  A ball python (D:1)
  A giant cockroach (D:1)
  2 hobgoblins (D:1)
  A bat (D:1)
  A frilled lizard (D:1)
  4 kobolds (D:1)
  3 rats (D:1)
13 creatures vanquished.

Notes
Turn   | Place    | Note
-------+----------+-------------------------------------------
     0 | D:1      | Kagalorn the Naga Arcane Marksman began the quest for the
                  | Orb.
     0 | D:1      | Reached XP level 1. HP: 18/18 MP: 2/2
    53 | D:1      | Reached skill level 1 in Stealth
   162 | D:1      | Reached XP level 2. HP: 8/25 MP: 3/3
   398 | D:1      | Slain by a hobgoblin

Levels and vault maps discovered:
D:1:      ncdulo_wetmaze, layout_rooms, grunt_decor_one_mirror, chequers_garden

Skill      XL: |  1 |
---------------+----+-----
Stealth        | 2 |  2.3
Crossbows      | 2 |  2.1
Fighting       | |  1.0
Dodging        | |  1.5
Spellcasting   | |  1.0
Hexes          | |  3.0

Action                   || total
-------------------------++-------
Melee: Unarmed           ||    29
       Short sword       ||     7
 Abil: Spit Poison       ||    18
Armor: Robe              ||     5
Dodge: Dodged            ||    41

Table legend:
 A = Non-vault XP
 B = Vault XP
 C = Vault XP percentage of total XP
 D = Non-vault monster count
 E = Vault monster count
 F = Vault count percentage of total count
                 A         B        C        D         E       F
            +---------+---------+-------+---------+---------+-------
      Total |      17 |       0 |   0.0 |      13 |       0 |   0.0
            +---------+---------+-------+---------+---------+-------
        D:1 |      17 |       0 |   0.0 |      13 |       0 |   0.0
            +---------+---------+-------+---------+---------+-------
